 Dungeon Crawl Stone Soup version 0.28.0-45-g0d030f2227 (webtiles) character file.

Game seed: 2995859822995348329

217 pkoi the Ducker (level 5, -9/67 HPs)
             Began as a Demigod Gladiator on Apr 11, 2022.
             Killed by divine providence
             ... invoked by an orc priest
              (13 damage)
             ... on level 3 of the Dungeon.
             The game lasted 00:04:07 (3465 turns).

pkoi the Ducker (Demigod Gladiator)                 Turns: 3465, Time: 00:04:09

Health: -9/67      AC: 22    Str: 21    XL:     5   Next: 35%
Magic:  7/7        EV:  2    Int: 14    God:
Gold:   51         SH:  0    Dex: 15    Spells: 4/4 levels left

rFire   . . .      SeeInvis .   f - +0 dagger (venom)
rCold   . . .      Faith    .   (no shield)
rNeg    . . .      Spirit   .   (armour currently unavailable)
rPois   +          Reflect  .   (helmet currently unavailable)
rElec   .          Harm     .   (cloak currently unavailable)
rCorr   +          Rampage  .   (gloves currently unavailable)
Will    .....      NoTele   +   (boots currently unavailable)
Stlth   +.........              (no amulet)
HPRegen 0.21/turn               i - +6 ring of strength
MPRegen 0.10/turn               n - ring of resist corrosion

@: tree-form
A: stationary, stasis, torment immunity, boosted hp, high MP 1, forlorn, divine
attributes
a: no special abilities


You were on level 3 of the Dungeon.
You were a tree.
You visited 1 branch of the dungeon, and saw 6 of its levels.

You collected 51 gold pieces.

Inventory:

Hand Weapons
 e - a +0 mace
 f - a +0 dagger of venom (weapon)
 m - a +0 war axe of freezing
 p - a +2 glaive of flaming
Missiles
 c - 3 throwing nets (quivered)
Armour
 a - a +0 leather armour (melded)
 b - a +0 helmet (melded)
 d - a +0 pair of boots (melded)
Jewellery
 i - a +6 ring of strength (left branch)
 n - a ring of resist corrosion (right branch)
Scrolls
 g - a scroll of magic mapping
 h - a scroll of identify
 j - a scroll of amnesia
 q - a scroll of blinking
 r - a scroll of enchant armour {unknown}
Potions
 l - a potion of cancellation
 o - a potion of mutation
 s - 2 potions of ambrosia {unknown}


   Skills:
 * Level 3.6 Fighting
 - Level 1.7 Throwing
 * Level 4.1 Dodging
 + Level 3.6 Unarmed Combat


You had 4 spell levels left.
You didn't know any spells.
Your spell library was empty.

Dungeon Overview and Level Annotations

Branches:
Dungeon (6/15)
 Temple: D:4-7

Shops:
D:2 (


Innate Abilities, Weirdness & Mutations

You are a tree.
Your roots penetrate the ground, keeping you stationary.
You cannot be teleported.
You are immune to unholy pain and torment.
Your maximum health is greatly increased.
Your equipment is partially melded.
You have an increased reservoir of magic. (+10% MP)
You shall have no god before yourself.
Your divine heritage dramatically boosts your attributes as you level up.


Message History

The orc priest is moderately wounded.
The orc priest invokes the aid of Beogh against you.
Beogh smites you!
* * * LOW HITPOINT WARNING * * *
The orc priest calls down the wrath of Beogh upon you.
Pain shoots through your body!
* * * LOW HITPOINT WARNING * * *
The orc priest looks braver for a moment.
The orc priest misses you.
Unknown command.
The orc priest closely misses you. The orc priest hits you with a +0 club.
* * * LOW HITPOINT WARNING * * *
You closely miss the orc priest.
The orc priest hits you with a +0 war axe.
* * * LOW HITPOINT WARNING * * *
Unknown command.
You closely miss the orc priest.
You kill the orc priest!
The orc priest misses you. The orc barely misses you.
Unknown command.
You hit the orc priest.
The orc priest is poisoned.
The orc priest is moderately wounded.
The orc priest barely misses you. The orc hits you with a +0 flail.
* * * LOW HITPOINT WARNING * * *
Unknown command.
You barely miss the orc priest.
The orc priest is heavily wounded.
The orc priest miscasts a cantrip.
The orc hits you with a +0 flail.
* * * LOW HITPOINT WARNING * * *
Unknown command.
The orc priest looks encouraged for a moment.
Really quaff the potion of lignification?
You turn into a tree.
Your +0 helmet melds into your body.
Your +0 pair of boots melds into your body.
Your +0 leather armour melds into your body.
Your roots penetrate the ground.
The orc priest mumbles some strange prayers to Beogh against you.
Beogh smites you!
You die...

*,* #.* *,*,,,,,*,*,,,,,,,
*,***.####.#,,,,,,,,,,,,,*,
*,*.........,,,,,,,,,,,*,*,
*,*,.....#.#*,**,***,,,*,*,
*,*,.....#.#*,**,* *,,,*,*,
*,**#.#o##.#*,**,* *,,,*,,,
*,* #.#>##.#*,**,* *,,,,,,,
#.###.#o##.##.##.#**,,,,,,,
#......o.o♣.......,,,,,,,,,
#####.......#.##..,*,,,,,,,
#....####,**,*,,,,,,,*,
#.#### *,*,,,,*,,,,,#.
#.#######,*,**,,,,,*,#.
#.......#.#.#*.....,,#.
#.....#.#.#.##.....###.
#.....#.#.#.#.......,#.
#.#.....#.#.#...#..#.#.


You could see an orc priest (poisoned) and 2 orcs.

Vanquished Creatures
  A scorpion (D:5)
  A hound (D:4)
  An orc priest (D:3)
  2 adders
  An ufetubus (D:6)
  3 dart slugs
  An orc (D:6)
  10 ball pythons
  6 endoplasms
  2 giant cockroaches (D:2)
  3 goblins
  8 hobgoblins
  8 jackals
  2 kobolds (D:2)
  2 quokkas
  7 bats
  7 frilled lizards
  3 rats
68 creatures vanquished.

Vanquished Creatures (others)
  A jackal (D:5)
  A plant (D:1)
2 creatures vanquished.

Grand Total: 70 creatures vanquished

Notes
Turn   | Place    | Note
-------+----------+-------------------------------------------
     0 | D:1      | pkoi the Demigod Gladiator began the quest for the Orb.
     0 | D:1      | Reached XP level 1. HP: 17/17 MP: 3/3
   269 | D:1      | Reached XP level 2. HP: 9/24 MP: 4/4
   539 | D:1      | Reached skill level 3 in Dodging
  1022 | D:1      | Reached XP level 3. HP: 30/30 MP: 5/5
  1427 | D:2      | Found Byifeth's Antique Weapon Boutique.
  2366 | D:3      | Reached XP level 4. HP: 23/37 MP: 6/6
  2590 | D:3      | You fall into a shaft and drop 3 floors!
  2929 | D:6      | Noticed a phantom
  2940 | D:6      | Noticed an ogre
  2962 | D:6      | Noticed a sky beast
  2974 | D:5      | Entered Level 5 of the Dungeon
  2990 | D:5      | Noticed an ogre
  3017 | D:5      | Noticed a necrophage
  3338 | D:4      | Reached skill level 4 in Dodging
  3338 | D:4      | Reached XP level 5. HP: 37/45 MP: 7/7
  3461 | D:3      | HP: 2/45 [orc/+0 flail (6)]
  3465 | D:3      | Killed from afar by an orc priest

Illustrated notes

Levels and vault maps discovered:
D:1:      amcnicky_arrival_flooded_fountain, layout_rooms,
          minmay_shallow_snake_nest
D:2:      layout_loops_ring, serial_shops, nicolae_shop_hallway_plus
D:3:      layout_basic, serial_shops, shop_scrolls
D:4:      layout_gridville, lemuel_doored_altar
D:5:      kennysheep_six_static_rooms, layout_cave_pools, serial_shops, shop,
          serial_column_ruins, column_ruins_hut_pillars, column_ruins_hut,
          column_ruins_open_tiny, column_ruins_columns_straight,
          column_ruins_columns_straight, column_ruins_open_medium,
          column_ruins_open_tiny, grunt_ministairs_9, nicolae_wooded_promenade,
          hangedman_abyss_or_decor_stagger, chequers_garden
D:6:      layout_basic

Skill      XL: |  1  2  3  4 |
---------------+-------------+-----
Fighting       | 2 3 |  3.6
Dodging        | 3 4 |  4.1
Unarmed Combat | 3 |  3.6
Throwing       | |  1.7

Action                   |  1- 3 |  4- 6 || total
-------------------------+-------+-------++-------
Melee: Unarmed           |    20 |       ||    20
       Mace              |     8 |       ||     8
       Dagger            |   168 |    29 ||   197
       Punch             |     3 |       ||     3
  Use: Scroll            |     4 |     3 ||     7
       Potion            |     1 |     1 ||     2
 Stab: Sleeping          |     3 |       ||     3
Armor: Leather armour    |    72 |    22 ||    94
Dodge: Dodged            |   161 |    44 ||   205
